 Dungeon Crawl Stone Soup version 0.25.1-9-gc5326a611f (webtiles) character file.

Game seed: 7006928437175192672

69 theanonym the Vexing (level 4, 0/33 HPs)
             Began as a Mummy Enchanter on Sept 1, 2021.
             Slain by a hobgoblin (3 damage)
             ... on level 2 of the Dungeon.
             The game lasted 00:01:50 (2303 turns).

theanonym the Vexing (Mummy Enchanter)              Turns: 2303, Time: 00:01:51

Health: 0/33       AC:  5    Str: 12    XL:     4   Next: 2%
Magic:  8/8        EV: 10    Int: 14    God:
Gold:   8          SH:  0    Dex: 12    Spells: 7/8 levels left

rFire    x . .     SeeInvis .   c - +0 mace
rCold    + . .     Gourm    .   (no shield)
rNeg     + + +     Faith    .   d - +0 ring mail
rPois    ∞         Spirit   .   (no helmet)
rElec    .         Reflect  .   (no cloak)
rCorr    .         Harm     .   (no gloves)
MR       .....                  (no boots)
Stlth    +.........             (no amulet)
HPRegen  0.11/turn              (no ring)
MPRegen  0.11/turn              (no ring)

@: no status effects
A: no food or potions, fire vulnerability, cold resistance 1, negative energy
resistance 3, torment resistance, unbreathing
a: no special abilities


Innate Abilities, Weirdness & Mutations

You do not eat or drink.
Your flesh is vulnerable to fire.
You are immune to poison.
Your flesh is cold resistant. (rC+)
You are immune to negative energy. (rN+++)
You are immune to unholy pain and torment.
You can survive without breathing.


   Skills:
 + Level 1.8 Fighting
 - Level 0.7 Short Blades
 * Level 2.4 Maces & Flails
 - Level 1.5 Dodging
 - Level 2.4 Stealth
 - Level 2.6 Spellcasting
 - Level 2.6 Hexes


You had 7 spell levels left.
You knew the following spells:

 Your Spells              Type           Power        Failure   Level  Hunger
a - Corona                Hex            #......      17%         1    N/A

Your spell library contained the following spells:

 Spells                   Type           Power        Failure   Level  Hunger
 Ensorcelled Hibernation  Hex/Ice        #.....       41%         2    N/A
 Confusing Touch          Hex            #.......     45%         3    N/A
 Tukima's Dance           Hex            #.......     45%         3    N/A
 Dazzling Flash           Conj/Hex       #.....       65%         3    N/A

Skill      XL: |  1  2  3 |
---------------+----------+-----
Maces & Flails | 1 2 |  2.4
Fighting       | 1 |  1.8
Short Blades   | |  0.7
Dodging        | |  1.5
Stealth        | |  2.4
Spellcasting   | |  2.6
Hexes          | |  2.6

Action                   |  1- 3 |  4- 6 || total
-------------------------+-------+-------++-------
Melee: Mace              |   132 |     4 ||   136
 Stab: Sleeping          |     1 |       ||     1
Armor: Robe              |     5 |       ||     5
       Ring mail         |    50 |       ||    50
Dodge: Dodged            |    93 |     4 ||    97

Inventory:

Hand Weapons
 a - a +1 dagger
 c - a +0 mace (weapon)
Armour
 b - a +0 robe
 d - a +0 ring mail (worn)
Scrolls
 e - a scroll of identify {unknown}
 f - a scroll of teleportation {unknown}
 g - a scroll of remove curse {unknown}


You were on level 2 of the Dungeon.
You were not hungry.

You visited 1 branch of the dungeon, and saw 2 of its levels.

You collected 8 gold pieces.

Dungeon Overview and Level Annotations

Branches:
Dungeon (2/15)

Altars:
Zin

Shops:
D:2 *

Annotations:
D:2 Terence

#####.....#.###.............
#...#.....#.###.#.####...@..
.###...#.....#.......### ..w...
.......'.....†.........##
####...#.....#.##.......######
.............+.......∩.........
.............#####.......######
#######......#####......####
......%...g@.....#_#...<#
####.#########..##⌠##.)## # #.
##..###...# . ## ## ......# ##
#..###.## #. ### >


You could see a hobgoblin.

Notes
Turn   | Place    | Note
-------+----------+-------------------------------------------
     0 | D:1      | theanonym the Mummy Enchanter began the quest for the Orb.
     0 | D:1      | Reached XP level 1. HP: 13/13 MP: 4/4
    36 | D:1      | HP: 5/13 [kobold/+0 club (2)]
    37 | D:1      | HP: 2/13 [kobold/+0 club (3)]
   380 | D:1      | HP: 7/14 [bat (1)]
   610 | D:1      | Reached skill level 1 in Maces & Flails
   625 | D:1      | Reached XP level 2. HP: 11/20 MP: 5/5
   837 | D:1      | Reached skill level 1 in Fighting
  1359 | D:1      | Reached XP level 3. HP: 16/26 MP: 7/7
  1367 | D:1      | HP: 13/26 [leopard gecko (2)]
  1373 | D:1      | HP: 12/26 [leopard gecko (2)]
  1768 | D:2      | Noticed a black bear
  1771 | D:2      | HP: 11/26 [worm (5)]
  1996 | D:1      | Reached skill level 2 in Maces & Flails
  2117 | D:2      | Found Zin's Purification Station.
  2119 | D:2      | Found a glowing silver altar of Zin.
  2137 | D:2      | Noticed Terence
  2278 | D:2      | HP: 11/27 [hobgoblin (4)]
  2284 | D:2      | HP: 6/27 [adder (1)]
  2291 | D:2      | HP: 6/27 [adder (1)]
  2296 | D:2      | HP: 4/27 [adder (2)]
  2299 | D:2      | Reached XP level 4. HP: 5/33 MP: 8/8
  2303 | D:2      | Slain by a hobgoblin

Vanquished Creatures
  3 adders
  A worm (D:2)
  2 dart slugs (D:1)
  2 leopard geckos
  5 bats (D:1)
  4 goblins (D:1)
  5 hobgoblins
  6 frilled lizards (D:1)
  5 kobolds
  4 rats
37 creatures vanquished.

Table legend:
 A = Turns spent in this place as a percentage of turns spent in the entire game.
 B = Non-inter-level travel turns spent in this place as a percentage of non-inter-level travel turns spent in the entire game.
 C = Inter-level travel turns spent in this place as a percentage of turns spent in this place.
 D = Turns resting spent in this place as a percentage of non-inter-level travel turns spent in this place.
 E = Turns spent auto-exploring this place as a percentage of non-inter-level travel turns spent in this place.
 F = Non-inter-level travel turns spent in this place divided by the number of levels of this place that you've seen.
                   A       B       C       D       E      F
               +-------+-------+-------+-------+-------+----------------------
         Total | 100.0 | 100.0 |   5.0 |  53.1 |  32.4 | 1094.0
       Dungeon | 100.0 | 100.0 |   5.0 |  53.1 |  32.4 | 1094.0
               +-------+-------+-------+-------+-------+----------------------
